 Dungeon Crawl Stone Soup version 0.22-a0-315-ge0921bb (webtiles) character file.

53 Firecrotchwizard the Insei (level 3, -3/18 HPs)
             Began as a Vine Stalker Transmuter on Apr 2, 2018.
             Slain by a gnoll
             ... wielding a +0 flail
              (6 damage)
             ... on level 2 of the Dungeon.
             The game lasted 00:06:01 (2227 turns).

Firecrotchwizard the Insei (VSTm)                   Turns: 2227, Time: 00:06:01

Health: -3/18      AC:  2    Str: 12    XL:     3   Next: 89%
Magic:  0/7        EV: 12    Int: 14    God:
Gold:   35         SH:  0    Dex: 14    Spells: 0/6 levels left

rFire    . . .     SeeInvis .     - Unarmed
rCold    . . .     Gourm    .   (no shield)
rNeg     . . .     Faith    .   b - +0 robe
rPois    .         Spirit   +   (no helmet)
rElec    .         Reflect  .   (no cloak)
rCorr    .         Harm     .   (no gloves)
MR       .....                  (no boots)
Stlth    ++........             (no amulet)
HPRegen  0.06/turn              p - ring of wizardry {Wiz+, !d}
MPRegen  0.10/turn              f - ring of stealth {Stlth+}

@: appendage (expiring), drained
A: fangs 2, horns 2, magic shield, antimagic bite, no potion heal 3, rot
immunity
a: End Transformation


You were on level 2 of the Dungeon.
You were hungry.
You had grown temporary horns.
You visited 1 branch of the dungeon, and saw 2 of its levels.

You collected 35 gold pieces.

Inventory:

Hand Weapons
 o - a +0 dagger of draining
   (You took it off a goblin on level 2 of the Dungeon)
Missiles
 a - 27 arrows
Armour
 b - a +0 robe (worn)
Jewellery
 f - a ring of stealth (right hand) {Stlth+}
   (You found it on level 1 of the Dungeon)
 h - an uncursed ring of positive energy {rN+}
   (You found it on level 1 of the Dungeon)
 p - a ring of wizardry (left hand) {Wiz+, !d}
   (You took it off a kobold on level 1 of the Dungeon)
Scrolls
 c - 2 scrolls of remove curse {unknown}
 e - 3 scrolls of identify {unknown}
 g - 2 scrolls of random uselessness {unknown}
 k - a scroll of immolation {unknown}
 m - a scroll of enchant weapon {unknown}
 n - a scroll of teleportation {unknown}
Potions
 i - 2 potions of heal wounds {unknown}
 j - a potion of ambrosia {unknown}
 l - a potion of curing {unknown}
Comestibles
 d - 2 rations {@e1}


   Skills:
 + Level 1.9(1.7) Fighting
 - Level 1.5(1.4) Dodging
 + Level 3.5(3.4) Unarmed Combat
 - Level 2.3(2.2) Spellcasting
 + Level 2.6(2.5) Transmutations
 + Level 0.5(0.4) Poison Magic


You couldn't memorise any spells.
You knew the following spells:

 Your Spells              Type           Power        Failure   Level  Hunger
a - Beastly Appendage     Tmut           #.....       3%          1    #......
c - Spider Form           Tmut/Pois      #.........   16%         3    ###....
s - Sticks to Snakes      Tmut           #.......     4%          2    ###....


Dungeon Overview and Level Annotations

Branches:
Dungeon (2/15)

Altars:

Annotations:
D:2 exclusion: 3 adders


Innate Abilities, Weirdness & Mutations

You have extremely sharp teeth.
When hurt, damage is shared between your health and your magic reserves.
Your bite disrupts and absorbs the magic of your enemies.
Potions cannot restore your health.
You are immune to rotting.
You have a pair of horns on your head.


Message History

You hit the kobold. The kobold barely misses you.
You miss the kobold. Your headbutt misses the kobold.
You bite the kobold, but do no damage. The kobold closely misses you.
You barely miss the kobold. Your bite misses the kobold.
The kobold hits you with a short sword.
You take 2 damage, and have 11/18 hp.
You hit the kobold but do no damage. Your headbutt misses the kobold.
You kill the kobold!
Your transformation is almost over.
p - a scratched golden ring You see here a short sword.
MP restored: 7 You start resting.
Your horns disappear.
You're wearing all the rings you can.
Remove which one? (? for menu, Esc to cancel) < or
h - a ring of positive energy {rN+} > or
f - a ring of stealth {Stlth+} You remove your ring of positive energy {rN+}.
p - a ring of wizardry (left hand)
You start resting.
All of the chunks of flesh in your inventory have rotted away.
Health restored: 18
There is a stone staircase leading down here.
You climb downwards.
Level annotation: exclusion: adder
There is a stone staircase leading up here.
g - 2 scrolls labeled OLEABU FEEZALL (gained 1)
You now have 35 gold pieces (gained 9).
i - 2 grey potions (gained 1)
A goblin comes into view. It is wielding a dagger of draining.
An adder comes into view.
The goblin shouts!
You hear an angry hiss.
The goblin moves out of view.
A frilled lizard comes into view.
Your feet morph into talons.
The goblin hits you but does no damage.
You feel drained.
You now have 6/7 mp.
You hit the goblin. Your bite misses the goblin.
Your transformation is almost over.
The goblin barely misses you.
You barely miss the goblin.
You kill the goblin!
You hit the frilled lizard.
You kill the frilled lizard!
o - a dagger of draining MP restored: 7 Your talons disappear.
Found a stone staircase leading down.
You are feeling hungry.
An adder comes into view.
A frilled lizard comes into view.
You can't see that place. [the floor.]
You may need something to eat soon, looking for food.
Can't find anything matching that.
Sorry, you're not good enough to have a special ability.
The frilled lizard is too close now for your liking.
A frilled lizard is nearby!
The helpless frilled lizard fails to defend itself.
You hit the frilled lizard.
You kill the frilled lizard!
An adder comes into view.
You can't see that place. [the floor.]
There is an open door here.
The gnoll shouts!
You grow a pair of large bovine horns.
The gnoll closely misses you.
You now have 6/7 mp.
You barely miss the gnoll. You closely miss the gnoll.
The gnoll shouts! x2
You bite the gnoll. You drain its power.
You feel invigorated. The gnoll barely misses you.
MP restored: 7 You hit the gnoll.
You hit the gnoll but do no damage. You hit the gnoll but do no damage.
You bite the gnoll. You drain its power. The gnoll hits you.
You take 3 damage, and have 15/18 hp.
You now have 5/7 mp.
You hit the gnoll. You bite the gnoll, but do no damage.
The gnoll closely misses you.
You hit the gnoll but do no damage. You bite the gnoll, but do no damage.
Your transformation is almost over.
The gnoll barely misses you.
You barely miss the gnoll. The gnoll hits you!
You take 7 damage, and have 8/18 hp.
MASSIVE DAMAGE!!
You now have 3/7 mp.
You hit the gnoll. You bite the gnoll. You drain its power.
You feel invigorated. The gnoll hits you!
* * * LOW HITPOINT WARNING * * *
You take 5 damage, and have 3/18 hp.
MASSIVE DAMAGE!!
You now have 1/7 mp.
You hit the gnoll.
You kill the gnoll!
The gnoll completely misses you.
You hit the gnoll. Your bite misses the gnoll. The gnoll hits you with a flail!
You die...

#)...g....#...........
#.#....####....#.##.#. .
#.#.###.....#.#.......
... #)##......#.#.....#.
... #.##......#.##.####.
....#.##......####.####.
.....g.'......#.........
......##g.....#.###.####
#....g@........# ....
#....##......# .S..
..............# #.......
##....##......# #.......
#... #......# #.......
### #......# #.......
#......###.######
#............#
###..........#


You could see 2 gnolls.

Vanquished Creatures
  2 gnolls (D:2)
  A worm (D:2)
  A dart slug (D:1)
  2 giant cockroaches (D:1)
  2 goblins
  4 hobgoblins
  6 kobolds
  3 bats (D:1)
  6 frilled lizards
  4 rats
31 creatures vanquished.

Notes
Turn   | Place    | Note
-------+----------+-------------------------------------------
     0 | D:1      | Firecrotchwizard the Vine Stalker Transmuter began the quest for the Orb.
     0 | D:1      | Reached XP level 1. HP: 9/9 MP: 4/4
    87 | D:1      | Reached skill level 1 in Fighting
   256 | D:1      | Reached XP level 2. HP: 14/14 MP: 6/6
   261 | D:1      | Learned a level 2 spell: Sticks to Snakes
   816 | D:1      | HP: 1/14 [kobold/whip (3)]
  1504 | D:2      | Reached XP level 3. HP: 11/18 MP: 5/7
  1722 | D:2      | Learned a level 3 spell: Spider Form
  2225 | D:2      | HP: 3/18 [gnoll (5)]
  2227 | D:2      | Slain by a gnoll

Vault maps used:
D:1:      onia_arrival_pyramid

Skill      XL: |  1 |
---------------+----+-----
Fighting       | 1 |  1.9
Dodging        | |  1.5
Unarmed Combat | |  3.5
Spellcasting   | |  2.3
Transmutations | |  2.6
Poison Magic   | |  0.5

Action                   || total
-------------------------++-------
Melee: Unarmed           ||   104
       Bite              ||    25
       Kick              ||     6
       Headbutt          ||     4
 Cast: Beastly Appendage ||    15
 Stab: Sleeping          ||     2
  Eat: Ration            ||     1
Armor: Robe              ||    20
Dodge: Dodged            ||    60

Table legend:
 A = Spawn XP
 B = Non-spawn XP
 C = Spawn XP percentage of total XP
 D = Spawn monster count
 E = Non-spawn monster count
 F = Spawn count percentage of total count
 G = Total turns spent on level
                    A         B        C        D         E        F      G
               +---------+---------+-------+---------+---------+-------+---------
         Total |       0 |      77 |   0.0 |       0 |      31 |   0.0 |  2227
               +---------+---------+-------+---------+---------+-------+---------
           D:1 |       0 |      34 |   0.0 |       0 |      21 |   0.0 |  1615
           D:2 |       0 |      43 |   0.0 |       0 |      10 |   0.0 |   612
               +---------+---------+-------+---------+---------+-------+---------

Vault maps used:
D:1:      onia_arrival_pyramid

Table legend:
 A = Turns spent in this place as a percentage of turns spent in the entire game.
 B = Non-inter-level travel turns spent in this place as a percentage of non-inter-level travel turns spent in the entire game.
 C = Inter-level travel turns spent in this place as a percentage of turns spent in this place.
 D = Turns resting spent in this place as a percentage of non-inter-level travel turns spent in this place.
 E = Turns spent auto-exploring this place as a percentage of non-inter-level travel turns spent in this place.
 F = Non-inter-level travel turns spent in this place divided by the number of levels of this place that you've seen.
                   A       B       C       D       E      F
               +-------+-------+-------+-------+-------+----------------------
         Total | 100.0 | 100.0 |   2.6 |  42.5 |  35.6 | 1084.5
       Dungeon | 100.0 | 100.0 |   2.6 |  42.5 |  35.6 | 1084.5
               +-------+-------+-------+-------+-------+----------------------

Table legend:
 A = Kills in this place as a percentage of kills in entire the game.
 B = Kills by you in this place as a percentage of kills by you in the entire game.
 C = Kills by friends in this place as a percentage of kills by friends in the entire game.
 D = Other kills in this place as a percentage of other kills in the entire game.
 E = Experience gained in this place as a percentage of experience gained in the entire game.
 F = Experience gained in this place divided by the number of levels of this place that you have seen.
                   A       B       C       D       E      F
               +-------+-------+-------+-------+-------+----------------------
         Total | 100.0 | 100.0 |   N/A |   N/A | 100.0 |  38.5
       Dungeon | 100.0 | 100.0 |   N/A |   N/A | 100.0 |  38.5
               +-------+-------+-------+-------+-------+----------------------
